 Dungeon Crawl Stone Soup version 0.29-a0-1030-gf5f8719cae (webtiles) character file.

Game seed: 16266348674398680712

4343 Drevant2 the Spear-Bearer (level 10, -22/76 HPs)
             Began as a Merfolk Gladiator on Aug 14, 2022.
             Was a Believer of Qazlal.
             Killed from afar by a deep elf pyromancer (29 damage)
             ... with a bolt of fire
             ... on level 9 of the Dungeon.
             The game lasted 00:30:52 (15300 turns).

Drevant2 the Spear-Bearer (Merfolk Gladiator)      Turns: 15300, Time: 00:30:52

Health: -22/76     AC: -7    Str: 14    XL:     10   Next: 34%
Magic:  15/15      EV: 18    Int:  7    God:    Qazlal [**....]
Gold:   113        SH:  2    Dex: 19    Spells: 9/9 levels left

rFire   . . .      SeeInvis .   a - +2 trident
rCold   . . .      Faith    .   (no shield)
rNeg    . . .      Spirit   .   e - +0 steam dragon scales
rPois   .          Reflect  .   (helmet restricted)
rElec   .          Harm     .   (no cloak)
rCorr   .          Rampage  .   (no gloves)
Will    .....                   (no boots)
Stlth   +.........              (no amulet)
HPRegen 0.22/turn               (no ring)
MPRegen 0.14/turn               (no ring)

@: corroded, hasted, unable to read, very quick
A: (nimble swimmer 2), mertail, horns 1, clumsy 1, inability to read while
threatened 1
a: Renounce Religion, Upheaval


You were on level 9 of the Dungeon.
You worshipped Qazlal.
Qazlal was pleased with you.
You visited 3 branches of the dungeon, and saw 13 of its levels.
You also visited: Sewer and Bailey.

You collected 672 gold pieces.
You spent 559 gold pieces at shops.

Inventory:

Hand Weapons
 a - a +2 trident (weapon)
Armour
 e - +0 steam dragon scales (worn)
 k - the +1 scale mail "Paewola" {rF+ Int+2 Slay+2 Stlth+}
   (You took it off a hobgoblin on level 3 of the Dungeon)

   Int:       It affects your intelligence (+2).
   Slay:      It affects your accuracy & damage with ranged weapons and melee
   (+2).
   rF:        It protects you from fire.
   Stlth:     It makes you more stealthy.
Jewellery
 h - a ring of protection from fire
 o - an amulet of regeneration
Wands
 l - a wand of mindburst (22) (quivered)
Scrolls
 c - 8 scrolls of fog
 d - 11 scrolls of enchant weapon
Potions
 b - 3 potions of mutation
 f - 2 potions of brilliance
 i - a potion of attraction
 j - a potion of haste
 m - 2 potions of curing
 n - a potion of flight


   Skills:
 - Level 6.2 Fighting
 - Level 13.3 Polearms
 - Level 2.0 Throwing
 - Level 9.6 Dodging
 - Level 0.1 Stealth
 + Level 7.4 Invocations


You had 9 spell levels left.
You didn't know any spells.
Your spell library contained the following spells:

 Spells                   Type           Power      Damage    Failure   Level
 Freeze                   Ice            0%         1d3       43%         1
 Frozen Ramparts          Ice            0%         1d1       80%         3
 Hailstorm                Conj/Ice       0%         3d3       99%         4


Dungeon Overview and Level Annotations

Branches:
Dungeon (10/15)            Temple (1/1) D:6             Orc (2/2) D:9
  Sewer (visited)          Bailey (visited)
   Lair: D:8-11         Elf: Orc:2

Altars:
Ashenzari
Cheibriados
Dithmenos
Elyvilon
Fedhas
Gozag
Hepliaklqana
Kikubaaqudgha
Makhleb
Nemelex Xobeh
Okawaru
Qazlal
Ru
Sif Muna
Trog
Uskayaw
Vehumet
Wu Jian
Xom
Yredelemnul
Zin
The Shining One

Shops:
D:5 *

Annotations:
D:7 2 transporters, dricus's ghost, novice GrFi
D:9 3 runed translucent doors, hackon's ghost, novice OgFE
Orc:2 Donald


Innate Abilities, Weirdness & Mutations

((You are very nimble when in or above water. (Stealth+, EV+, Speed+++)))
Your lower body shifts to a powerful aquatic tail in water.
You have a pair of small horns on your head.
You are clumsy. (Dex -2)
You occasionally lose the ability to read scrolls when taking damage.


Message History

The kobold brigand shouts! x2; You hear a shout!
The kobold brigand shouts!
You hear a shout!
The kobold brigand shouts!
The kobold brigand shouts!
You hear a shout!
The kobold brigand shouts! x3
The kobold brigand shouts!
Hackon's ghost turns its malevolent gaze towards you.
Hackon's ghost says, "Would you like to be cremated?"
Items here: )) [[.
The acid dragon roars!
The acid dragon spits acid at you. The splash of acid hits you!
The acid corrodes you!
You hear a shout!
The acid dragon spits acid at you. The splash of acid hits you!!
* * * LOW HITPOINT WARNING * * *
The acid corrodes you!
You aren't wearing any rings or amulets.
You feel yourself speed up.
The deep elf pyromancer points at you and mumbles some strange words.
The bolt of fire misses you.
You hear a sizzling sound!
The deep elf pyromancer gestures wildly while chanting.
The deep elf pyromancer blinks!
The acid dragon spits acid at you. The splash of acid hits you!
* * * LOW HITPOINT WARNING * * *
The acid corrodes you!
The deep elf pyromancer points at you and mumbles some strange words.
The sticky flame hits you!
You are covered in liquid flames!
* * * LOW HITPOINT WARNING * * *
You are covered in liquid flames!
* * * LOW HITPOINT WARNING * * *
You are covered in liquid flames!
* * * LOW HITPOINT WARNING * * *
You are covered in liquid flames!
The deep elf pyromancer gestures at you while chanting.
The bolt of fire hits you!!
You feel threatened and lose the ability to read scrolls!
You die...

############################
............................
.......................#######
.............########......... ..
.............................. ..
.§.....D.e.e..............#### #.
.############.............# #. .#
#.............# #. .#
#.○.@.<.......# #. .#
#.○.....[.....######.
.############....................
.................................
.........########....#####...####
########.# #..###[. ##..#
########.# #..##.....##.####
.........########..#.#.WK#.#[[...
...................#⌠.#K#KK#.....


You could see a deep elf pyromancer.

Vanquished Creatures
  An unseen horror zombie (D:10)
  2 trolls (D:9)
  2 wyverns
  2 steam dragons (D:9)
  A water moccasin (D:9)
  3 ice beasts
  2 orc warriors (Bailey)
  A black bear (D:6)
  2 sky beasts (D:7)
  A centaur (D:8)
  A phantom (D:6)
  2 bullfrogs
  A gnoll sergeant (D:8)
  A scorpion (D:5)
  13 wights
  8 killer bees
  A howler monkey (D:7)
  3 hounds
  An iron imp (D:7)
  A jelly (D:6)
  3 orc priests
  2 iguanas (D:6)
  9 orc wizards
  9 gnolls
  6 adders
  A shadow imp (D:7)
  4 dart slugs
  34 orcs
  9 endoplasms
  4 giant cockroaches
  4 hobgoblins
  14 jackals
  5 kobolds
  5 quokkas
  6 ball pythons
  11 bats
  2 frilled lizards (D:1)
  9 goblins
  2 rats
188 creatures vanquished.

Vanquished Creatures (others)
  27 plants
  4 toadstools (D:7)
31 creatures vanquished.

Grand Total: 219 creatures vanquished

Notes
Turn   | Place    | Note
-------+----------+-------------------------------------------
     0 | D:1      | Drevant2 the Merfolk Gladiator began the quest for the Orb.
     0 | D:1      | Reached XP level 1. HP: 16/16 MP: 1/1
   316 | D:1      | Reached XP level 2. HP: 17/22 MP: 2/2
   319 | D:1      | Reached skill level 5 in Polearms
   596 | D:1      | Reached XP level 3. HP: 27/27 MP: 3/3
  1407 | D:2      | Found a faded altar of an unknown god.
  1466 | D:2      | Reached skill level 6 in Polearms
  2229 | D:3      | Reached XP level 4. HP: 33/33 MP: 4/4
  2603 | D:3      | Found a glowing drain.
  2639 | D:3      | Reached skill level 7 in Polearms
  2740 | Sewer    | Entered a sewer
  2950 | Sewer    | Noticed a kobold brigand
  2950 | Sewer    | Noticed a kobold brigand
  3222 | D:3      | Reached XP level 5. HP: 37/38 MP: 5/5
  3409 | D:3      | Found Feurph's Distillery.
  3425 | D:3      | Bought a potion of might for 52 gold pieces
  3425 | D:3      | Bought a potion of attraction for 39 gold pieces
  3425 | D:3      | Bought a potion of curing for 39 gold pieces
  3950 | D:3      | Identified the +1 scale mail "Paewola" {rF+ Int+2 Slay+2
                  | Stlth+}
  3977 | D:3      | Reached skill level 8 in Polearms
  5085 | D:5      | Entered Level 5 of the Dungeon
  5120 | D:5      | Found Jericeaby's Overcharged Wands.
  5230 | D:5      | Noticed an ice beast
  5236 | D:5      | Killed an ice beast
  5237 | D:5      | Reached skill level 9 in Polearms
  5237 | D:5      | Reached XP level 6. HP: 30/44 MP: 6/6
  5812 | D:5      | Found a shimmering blue altar of Sif Muna.
  5840 | D:5      | Reached skill level 10 in Polearms
  5840 | D:5      | Reached XP level 7. HP: 50/50 MP: 7/7
  6335 | D:3      | Bought 2 potions of curing for 78 gold pieces
  6728 | D:6      | Found a staircase to the Ecumenical Temple.
  6742 | Temple   | Entered the Ecumenical Temple
  6893 | Temple   | Became a worshipper of Qazlal Stormbringer
  7316 | D:6      | Reached skill level 5 in Fighting
  7816 | D:6      | Reached XP level 8. HP: 50/64 MP: 8/8
  7967 | D:6      | Reached skill level 5 in Dodging
  8465 | D:7      | Found a transporter.
  8468 | D:7      | Found a transporter.
  8472 | D:7      | Noticed dricus's ghost (novice GrFi)
  8473 | D:7      | Noticed a queen bee
  8693 | D:7      | Reached * piety under Qazlal
  8729 | D:7      | Found a burning altar of Makhleb.
  8849 | D:7      | Found a flagged portal.
  8875 | Bailey   | Entered a bailey
  9061 | Bailey   | Noticed an orc knight
  9315 | D:7      | Reached XP level 9. HP: 69/69 MP: 9/9
  9653 | D:8      | Gained mutation: You are clumsy. (Dex -2) [potion of
                  | mutation]
  9653 | D:8      | Gained mutation: You have a pair of small horns on your
                  | head. [potion of mutation]
  9653 | D:8      | Gained mutation: You occasionally lose the ability to read
                  | scrolls when taking damage. [potion of mutation]
  9658 | D:8      | Reached skill level 11 in Polearms
 10105 | D:8      | Found a shimmering altar of Xom.
 10473 | D:8      | Reached skill level 12 in Polearms
 11410 | D:8      | Found a sparkling altar of Nemelex Xobeh.
 11429 | D:8      | Found an iron altar of Okawaru.
 11667 | D:8      | Reached skill level 13 in Polearms
 12128 | D:8      | Found a hazy altar of Hepliaklqana.
 12221 | D:9      | Reached skill level 1 in Invocations
 12327 | D:9      | Reached ** piety under Qazlal
 12477 | D:3      | Bought a potion of curing for 39 gold pieces
 12477 | D:3      | Bought a potion of resistance for 130 gold pieces
 12477 | D:3      | Bought a potion of haste for 130 gold pieces
 12477 | D:3      | Bought a potion of brilliance for 52 gold pieces
 12814 | D:9      | Reached XP level 10. HP: 60/75 MP: 11/13
 12898 | D:9      | Found a runed translucent gate.
 12898 | D:9      | Found a runed translucent gate.
 12899 | D:9      | Found a runed translucent gate.
 12899 | D:9      | Noticed hackon's ghost (novice OgFE)
 12900 | D:9      | Noticed a kobold demonologist
 12901 | D:9      | Noticed a kobold demonologist
 13103 | D:9      | Found a staircase to the Orcish Mines.
 13112 | D:9      | Reached skill level 5 in Invocations
 13164 | D:9      | Noticed a deep elf pyromancer
 13696 | Orc:1    | Entered Level 1 of the Orcish Mines
 13756 | Orc:2    | Entered Level 2 of the Orcish Mines
 13796 | Orc:2    | Noticed Donald
 13932 | D:10     | Entered Level 10 of the Dungeon
 14047 | D:10     | Noticed a kobold demonologist
 15300 | D:9      | Killed from afar by a deep elf pyromancer

Illustrated notes

Levels and vault maps discovered:
D:1:      matt_arrival_los_fun, layout_rooms, minmay_heptomino_h4
D:2:      layout_basic, shapermc_ecumenical_altar_starsandcircs,
          grunt_ministairs_1
D:3:      layout_basic, portal_sewer_entry_f, serial_shops, nicolae_diamond_shop
D:4:      layout_loops_ring
D:5:      layout_loops_ring, led_sif_pool, minmay_tree_intersection,
          minmay_misc_feat_roman, nicolae_shop_overcharged_wands
D:6:      black_bear_nest_2, layout_loops_ring, minmay_temple_entry_junction
D:7:      layout_basic, makhleb_grotto_becter, enter_bailey_3,
          gammafunk_ghost_hive, minmay_gold_behind_fungi
D:8:      layout_loops_ring, nicolae_overflow_quartered_altars, eino_jars
D:9:      layout_long_grid, david_lair_shrubbed, orc_0_dummy,
          gammafunk_ghost_nasty_kobolds, nicolae_hexahallways, chequers_avenue
D:10:     layout_irregular_city, ebering_ghost_funeral_grove,
          hangedman_weighted_door, minmay_ruffians, uniq_erolcha, uniq_maggie
Temple:   regret_index_temple_sphere_string
Orc:1:    layout_diamond_mine, okawaru_metal_pillars_1_2
Orc:2:    grunt_orc_tribal_feast, layout_diamond_mine, nicolae_orc_stony_grotto,
          nicolae_alphabet_shops, uniq_azrael, uniq_donald

Skill      XL: |  1  2  3  4  5  6  7  8  9 10 |
---------------+-------------------------------+-----
Polearms       | 5 6 7 9 10 13 | 13.3
Fighting       | 6 |  6.2
Dodging        | 9 |  9.6
Invocations    | 4 7 |  7.4
Throwing       | |  2.0
Stealth        | |  0.1

Action                   |  1- 3 |  4- 6 |  7- 9 | 10-12 || total
-------------------------+-------+-------+-------+-------++-------
Melee: Trident           |    82 |   212 |   456 |    61 ||   811
       Punch             |     1 |     1 |     9 |     3 ||    14
       Headbutt          |       |       |    40 |    18 ||    58
Throw: Javelin           |     1 |     3 |     2 |       ||     6
       Dart              |       |       |     8 |       ||     8
  Use: Potion            |       |     6 |    13 |     3 ||    22
       Scroll            |       |     2 |     1 |     3 ||     6
 Stab: Sleeping          |     2 |     4 |     2 |       ||     8
       Invisible         |       |     4 |     7 |     4 ||    15
       Distracted        |       |     2 |       |       ||     2
Armor: Scale mail        |       |    25 |    65 |       ||    90
       Steam dragon scal |       |       |     5 |    19 ||    24
Dodge: Dodged            |    36 |    90 |   230 |    83 ||   439
Block: Other             |       |       |    20 |     4 ||    24

Table legend: (Time is in decaauts)
 A = Elapsed time spent in this place.
 B = Non-inter-level travel time spent in this place.
 C = Inter-level travel time spent in this place.
 D = Time resting spent in this place.
 E = Time spent auto-exploring this place.
 F = Levels seen in this place.
 G = Mean time per level.
                   A        B        C        D        E       F      G
               +--------+--------+--------+--------+--------+-----+--------+
         Total |  15085 |  12552 |   2533 |   5647 |   4732 |  15 | 1005.7 |
       Dungeon |  14334 |  11921 |   2413 |   5549 |   4607 |  10 | 1433.4 |
        Temple |    166 |    141 |     25 |      0 |    125 |   1 |  166.0 |
  Orcish Mines |    122 |     27 |     95 |      0 |      0 |   2 |   61.0 |
         Sewer |    277 |    277 |      0 |     37 |      0 |   1 |  277.0 |
        Bailey |    184 |    184 |      0 |     61 |      0 |   1 |  184.0 |
               +--------+--------+--------+--------+--------+-----+--------+

Top non-repeatable levels by time:
     D:9: 2971 daAuts
     D:8: 2185 daAuts
     D:6: 1832 daAuts
     D:3: 1702 daAuts
     D:2: 1411 daAuts
     D:5: 1277 daAuts
     D:4: 950 daAuts
     D:7: 922 daAuts
     D:1: 920 daAuts
   Sewer: 277 daAuts
  Bailey: 184 daAuts
  Temple: 166 daAuts
    D:10: 160 daAuts
   Orc:1: 67 daAuts
   Orc:2: 54 daAuts
